 Dungeon Crawl Stone Soup version 0.23.0-3-gf3c87f2 (webtiles) character file.

Game seed: 16842542383407941037

751 misha the Poker (level 7, -1/57 HPs)
             Began as a Merfolk Gladiator on Feb 22, 2019.
             Killed by divine providence
             ... invoked by an orc priest
              (13 damage)
             ... on level 4 of the Dungeon.
             The game lasted 00:29:03 (6680 turns).

misha the Poker (Merfolk Gladiator)                 Turns: 6680, Time: 00:29:04

Health: -1/57      AC:  5    Str: 16    XL:     7   Next: 78%
Magic:  7/7        EV: 26    Int: 11    God:
Gold:   97         SH:  7    Dex: 15    Spells: 6/6 levels left

rFire    . . .     SeeInvis .   b - +1 spear (venom)
rCold    . . .     Gourm    .   G - +0 shield
rNeg     . . .     Faith    .   E - +0 leather armour
rPois    .         Spirit   .   y - +1 hat
rElec    .         Reflect  .   (no cloak)
rCorr    .         Harm     .   (no gloves)
MR       .....                  p - +0 pair of boots
Stlth    +.........             j - amulet of the acrobat
HPRegen  0.19/turn              v - +3 ring of intelligence
MPRegen  0.10/turn              (no ring)

@: lethally poisoned (-1 -> -13), acrobat
A: change form in water, swift swim, stealthy swim
a: no special abilities


You were on level 4 of the Dungeon.
You were not hungry.

You visited 1 branch of the dungeon, and saw 4 of its levels.

You collected 97 gold pieces.

Inventory:

Hand Weapons
 a - a +0 long sword
 b - a +1 spear of venom (weapon)
Missiles
 d - 7 throwing nets (quivered)
 g - 10 arrows
 i - 161 stones
 w - 131 bolts
 H - 6 needles of sleeping
 K - 20 sling bullets
Armour
 c - a +0 helmet
 p - a +0 pair of boots (worn)
 q - a +0 pair of boots
 y - a +1 hat (worn)
 E - a +0 leather armour (worn)
 G - a +0 shield (worn)
Jewellery
 j - an amulet of the acrobat (around neck)
 n - an uncursed amulet of faith
 v - a +3 ring of intelligence (left hand)
 A - an uncursed ring of fire {unknown}
Scrolls
 h - 5 scrolls of teleportation
 m - 7 scrolls of identify {unknown}
 s - a scroll of enchant weapon {unknown}
 u - 2 scrolls of fear {unknown}
 x - a scroll of amnesia {unknown}
 B - 4 scrolls of remove curse {unknown}
 C - a scroll of magic mapping {unknown}
 F - 2 scrolls of fog {unknown}
 J - a scroll of enchant armour {unknown}
Potions
 e - a potion of curing {unknown}
 k - a potion of flight {unknown}
 l - a potion of invisibility {unknown}
 o - a potion of mutation {unknown}
 r - a potion of heal wounds {unknown}
 t - 2 potions of degeneration {unknown}
 z - a potion of brilliance {unknown}
 D - 2 potions of haste
 I - a potion of lignification {unknown}
Comestibles
 f - 2 rations


   Skills:
 + Level 5.9 Fighting
 - Level 5.7 Long Blades
 * Level 6.2 Polearms
 - Level 2.2 Throwing
 - Level 0.1 Armour
 - Level 4.3 Dodging
 - Level 0.6 Stealth


You had 6 spell levels left.
You didn't know any spells.
Your spell library contained the following spells:

 Spells                   Type           Power        Failure   Level  Hunger
 Magic Dart               Conj           #...         97%         1    ##.....
 Blink                    Tloc           N/A          99%         2    ###....
 Call Imp                 Summ           #.......     99%         2    ###....
 Slow                     Hex            #.......     99%         2    ###....
 Conjure Flame            Conj/Fire      #.......     100%        3    ####...
 Mephitic Cloud           Conj/Pois/Air  #.......     100%        3    ####...


Dungeon Overview and Level Annotations

Branches:
Dungeon (4/15)
 Temple: D:4-7

Altars:
Wu Jian

Annotations:
D:4 Ijyb


Message History

The worker ant bites you but does no damage.
The worker ant waves its antennae.
The worker ant barely misses you.
You feel sick.
The orc priest miscasts a cantrip.
Ijyb barely misses you.
You feel sick.
You see here 22 arrows.
You feel sick.
You feel sick. The worker ant completely misses you.
The orc priest calls down the wrath of Beogh upon you.
Beogh smites you!
* * * LOW HITPOINT WARNING * * *
You feel sick. Ijyb hits you but does no damage.
You are lethally poisoned!
* * * LOW HITPOINT WARNING * * *
You feel sick. The worker ant misses you.
The orc priest invokes the aid of Beogh against you.
Beogh smites you!
You die...

###### #....#
#########@..$#
.........a...#
#....>..gZ...#
#.......(o...#..
#..........!.....
#............####
#............#
###..........#
##........####


You could see Ijyb, a worker ant, an orc priest and an adder skeleton.

Vanquished Creatures
  An ogre (D:3)
  2 gnoll shamans (D:3)
  An orc priest (D:3)
  38 gnolls (D:3)
  8 adders
  2 oozes
  2 worms
  4 dart slugs
  2 leopard geckos
  7 orcs (D:3)
  8 giant cockroaches
  7 goblins
  6 hobgoblins
  20 jackals
  5 kobolds
  A quokka (D:3)
  4 ball pythons (D:3)
  7 bats
  4 frilled lizards (D:2)
  13 rats
142 creatures vanquished.

Notes
Turn   | Place    | Note
-------+----------+-------------------------------------------
     0 | D:1      | misha the Merfolk Gladiator began the quest for the Orb.
     0 | D:1      | Reached XP level 1. HP: 16/16 MP: 1/1
   232 | D:1      | Reached XP level 2. HP: 22/22 MP: 2/2
   577 | D:1      | Reached XP level 3. HP: 27/27 MP: 3/3
  1205 | D:2      | Reached XP level 4. HP: 22/34 MP: 4/4
  1953 | D:2      | Found an ornate altar of the Wu Jian Council.
  2429 | D:3      | Reached XP level 5. HP: 25/41 MP: 5/5
  2587 | D:3      | Reached skill level 5 in Long Blades
  3241 | D:3      | Reached XP level 6. HP: 49/49 MP: 6/6
  3343 | D:3      | Reached skill level 1 in Polearms
  3444 | D:3      | Reached skill level 2 in Polearms
  3781 | D:3      | Reached skill level 5 in Fighting
  4222 | D:3      | Reached skill level 3 in Polearms
  4582 | D:3      | Reached XP level 7. HP: 50/56 MP: 7/7
  4845 | D:3      | Reached skill level 4 in Polearms
  5309 | D:3      | Reached skill level 5 in Polearms
  5899 | D:3      | Paralysed by a gnoll for 7 turns
  5970 | D:3      | Reached skill level 6 in Polearms
  6657 | D:4      | Noticed Ijyb
  6680 | D:4      | Killed from afar by an orc priest

Skill      XL: |  1  2  3  4  5  6  7 |
---------------+----------------------+-----
Long Blades    | 4 5 |  5.7
Fighting       | 3 4 5 |  5.9
Polearms       | 3 6 |  6.2
Throwing       | |  2.2
Armour         | |  0.1
Dodging        | |  4.3
Stealth        | |  0.6

Action                   |  1- 3 |  4- 6 |  7- 9 || total
-------------------------+-------+-------+-------++-------
Melee: Long sword        |    88 |   159 |       ||   247
       Tailslap          |       |    16 |     3 ||    19
       Spear             |       |    70 |    76 ||   146
  Use: Scroll            |       |       |     1 ||     1
 Stab: Sleeping          |     5 |     2 |       ||     7
  Eat: Chunk             |       |     5 |     5 ||    10
       Ration            |       |     2 |       ||     2
Armor: Leather armour    |    19 |    27 |    18 ||    64
Dodge: Dodged            |    69 |   209 |    82 ||   360
Block: Shield            |       |       |    19 ||    19
       Rpst.: Long sword |    20 |    36 |       ||    56
